AoeStats
← Clouder

Arabia

507557566Analyzed
3v3 RM · 14d ago on Sep 18, 2026· 46m 15s· 6 players
Game mode
Random Map
Map size
Normal (6 player)
Population
200
Speed
Normal
Resources
Standard
Victory
Conquest
Starting age
Dark Age
Ending age
Imperial Age
RankedLock teamsTeams togetherTeam positionsShared explorationLock speedFull tech treeHidden civsTurbo modeCheats
Victory
Defeat
🇦🇷 Britons · Argentina
966
+15
🇨🇱 Ethiopians · Chile
966
+15
🇮🇳 Byzantines · India
960
+16
🇫🇷 Gurjaras · France
975
-15
🇳🇱 Wei · Netherlands
955
-46
🇫🇮 Bohemians · Finland
934
-15
marcost96br
6:05 Loom
10:36 Feudal Age
11:04 Double-Bit Axe
19:57 Castle Age
17:59 Horse Collar
22:36 Wheelbarrow
22:09 Heavy Plow
23:09 Man-at-Arms
23:19 Crossbowman
26:31 Stone Mining
Open sesame
3:13 Loom
10:53 Feudal Age
15:02 Castle Age
13:33 Double-Bit Axe
13:51 Horse Collar
20:36 Heavy Plow
23:52 Wheelbarrow
25:23 Hand Cart
30:36 Imperial Age
29:18 Scale Barding Armor
29:13 Scale Mail Armor
29:24 Forging
•ڎ£•flox
6:58 Loom
9:26 Feudal Age
13:38 Wheelbarrow
12:51 Double-Bit Axe
17:17 Fletching
21:46 Castle Age
22:49 Bloodlines
22:39 Husbandry
23:37 Forging
23:28 Scale Mail Armor
23:36 Scale Barding Armor
29:20 Chain Barding Armor
31:02 Iron Casting
31:01 Town Watch
33:33 Bow Saw
37:04 Elite Skirmisher
38:09 Bodkin Arrow
39:58 Hand Cart
THANOS133
11:07 Feudal Age
10:31 Loom
11:57 Double-Bit Axe
13:41 Town Watch
18:08 Fletching
18:45 Horse Collar
19:52 Padded Archer Armor
20:34 Man-at-Arms
21:29 Arson
22:00 Scale Mail Armor
23:40 Wheelbarrow
27:14 Castle Age
25:59 Forging
30:10 Chain Mail Armor
29:36 Crossbowman
33:44 Squires
38:55 Iron Casting
40:58 Bow Saw
40:56 Heavy Plow
41:43 Gold Mining
42:36 Bodkin Arrow
44:12 Leather Archer Armor
44:04 Scale Barding Armor
43:57 Stone Mining
45:32 Thumb Ring
46:22 Husbandry
Clouder
3:16 Loom
10:33 Feudal Age
10:54 Horse Collar
11:00 Double-Bit Axe
20:56 Castle Age
20:14 Gold Mining
20:23 Fletching
22:05 Bow Saw
23:26 Ballistics
23:36 Bodkin Arrow
25:46 Forging
25:37 Treadmill Crane
27:48 Scale Barding Armor
30:03 Wheelbarrow
29:41 Pikeman
32:41 Squires
32:47 Scale Mail Armor
35:08 Iron Casting
34:46 Heavy Plow
39:32 Imperial Age
38:22 Padded Archer Armor
41:05 Bracer
41:04 Halberdier
profe de geografia
6:18 Loom
9:50 Feudal Age
8:09 Loom
9:55 Feudal Age
16:57 Padded Archer Armor
16:49 Fletching
17:01 Padded Archer Armor
23:29 Castle Age
21:17 Double-Bit Axe
21:40 Gold Mining
22:11 Horse Collar
23:11 Wheelbarrow
23:18 Town Watch
24:05 Bodkin Arrow
24:05 Crossbowman
26:57 Fervor
27:12 Stone Mining
27:58 Gold Shaft Mining
28:12 Leather Archer Armor
29:09 Ballistics
29:45 Hand Cart
30:22 Heavy Plow
36:27 Imperial Age
35:29 Bow Saw
36:10 Murder Holes
35:56 Treadmill Crane
36:27 Masonry
36:48 Yeomen
37:40 Conscription
37:40 Guilds
38:49 Chemistry
38:52 Bracer
39:45 Ring Archer Armor
39:27 Arbalester
41:09 Siege Engineers
41:54 Architecture
41:45 Devotion
41:52 Town Patrol
Connection lost

Rejoining the realm…

Still unreachable

The connection could not be restored.

Session expired

The server has moved on; the page needs a fresh start.